Map: Abyssal Reef LE

Players

BuRny - Winner!

  • Race: Terran Terran
  • League: Master
  • Spawn Location: 5:00

A.I. 1 (Very Easy)

  • Race: Zerg Zerg
  • Spawn Location: 11:00

VOD

Have the link to the VOD?

Description

Time

  • Played on: March 19, 2017, 5:17 p.m.
  • Length: 9:58
Show
View Real Time Build Order
Export as new Build Order

BuRny Terran - Winner!

Build Orders: Command Center First (CC), MMM Bio 

Get SALT Encoding   

  12  0:00  SCV  
  13  0:13  SCV  
  14  0:17  Supply Depot  
  14  0:25  SCV  
  15  0:38  SCV  
  16  0:50  SCV  
  17  1:01  Command Center  
  17  1:03  SCV  
  18  1:14  Barracks  
  18  1:18  SCV  
  19  1:23  Refinery  
  19  1:30  SCV  
  20  1:37  Barracks  
  20  1:42  SCV  
  20  1:46  Refinery  
  21  1:54  SCV  
  22  2:06  Reaper  
  22  2:07  Orbital Command  
  23  2:18  Orbital Command  
  23  2:25  Barracks Tech Lab  
  23  2:32  SCV  
  23  2:36  Factory  
  24  2:41  Barracks Reactor  
  24  2:44  SCV x2  
  26  2:56  SCV  
  26  2:57  SCV  
  28  2:59  Stimpack  
  28  3:02  Supply Depot  
  28  3:06  Marine  
  28  3:09  SCV x2  
  31  3:17  Marine x2  
  33  3:21  SCV x2  
  33  3:26  Starport  
  35  3:27  Factory Reactor  
  35  3:30  Marine  
  35  3:32  Supply Depot  
  35  3:33  SCV x2  
  38  3:35  Marine  
  38  3:39  Marine  
  40  3:45  SCV x2  
  40  3:48  Marine  
  43  3:53  Marine  
  44  3:56  Supply Depot  
  44  3:57  Marine, SCV x2  
  44  4:00  Supply Depot  
  47  4:05  Marine  
  47  4:08  Medivac x2  
  47  4:09  SCV x2  
  54  4:17  Marine x2, Widow Mine  
  54  4:21  SCV x2  
  54  4:23  Marine  
  61  4:25  Supply Depot  
  61  4:32  Refinery  
  61  4:33  SCV x2  
  61  4:34  Engineering Bay  
  61  4:35  Marine x2  
  65  4:41  Medivac, Marine  
  68  4:45  SCV  
  68  4:51  SCV  
  70  4:53  Factory Reactor, Marine x2  
  70  4:57  SCV  
  70  4:59  Marine  
  74  5:00  Supply Depot  
  74  5:02  Combat Shields  
  74  5:03  SCV  
  75  5:10  Marine x2, SCV  
  78  5:15  Command Center  
  78  5:21  Refinery  
  78  5:22  SCV x2  
  78  5:23  Supply Depot x2  
  78  5:27  Terran Infantry Weapons Level 1  
  80  5:34  SCV x2  
  82  5:37  Supply Depot  
  82  5:45  Starport Reactor, Barracks  
  82  5:46  Factory Reactor, SCV x2, Supply Depot  
  82  5:48  Barracks Reactor, Barracks  
  84  5:51  Barracks  
  84  5:53  Marine  
  85  5:58  SCV  
  86  6:10  Marine, Supply Depot x2  
  86  6:11  SCV x2, Supply Depot  
  89  6:18  Engineering Bay  
  89  6:21  Armory  
  89  6:23  SCV x2  
  89  6:24  Marine  
  92  6:32  Orbital Command  
  92  6:35  SCV x2  
  92  6:37  Supply Depot  
  92  6:39  Marine  
  94  6:40  Marine x2  
  94  6:46  Terran Infantry Armor Level 1  
  97  6:47  SCV  
  97  6:49  Marine x2  
  97  6:50  Barracks Reactor  
  97  6:53  SCV  
  101  6:56  Refinery  
  101  6:57  Marine x4  
  101  6:58  Widow Mine, Marine x2  
  101  6:59  Widow Mine  
  112  7:05  Medivac x2  
  112  7:07  Marine x2  
  119  7:15  Marine x2  
  119  7:16  Marine  
  119  7:21  Terran Infantry Weapons Level 2  
  119  7:22  SCV  
  121  7:24  Marine x3  
  121  7:25  Marine x3  
  121  7:26  Widow Mine  
  121  7:27  Marine  
  121  7:28  Widow Mine  
  132  7:32  Marine  
  132  7:33  Marine x2  
  132  7:35  Medivac x2  
  139  7:42  Marine x3  
  139  7:43  Marine x2  
  139  7:44  Marine, Supply Depot  
  145  7:45  Marine  
  145  7:47  Supply Depot x2  
  145  7:48  Supply Depot  
  145  7:50  Command Center, Marine, Supply Depot  
  147  7:54  Marine x2  
  147  7:55  Widow Mine  
  151  7:59  Widow Mine  
  151  8:00  Marine x3  
  151  8:01  Marine  
  151  8:05  Medivac x2  
  159  8:08  Unknown  
  159  8:09  Marine x4  
  159  8:11  Marine  
  159  8:12  Marine  
  167  8:17  Marine x2  
  167  8:18  Marine x2  
  171  8:23  Widow Mine  
  171  8:26  Marine x2  
  174  8:27  Widow Mine, Marine x2  
  174  8:29  Marine x2  
  181  8:35  Unknown, Medivac x2, Marine x2  
  181  8:36  Marine x2  
  189  8:44  Marine x2  
  189  8:45  Marine x2  
  189  8:47  Marine x2  
  195  8:52  Widow Mine  
  195  8:53  Marine x3  
  200  8:59  Unknown  
  200  9:04  Unknown  
  200  9:18  Planetary Fortress  
  200  9:21  Unknown  
  200  9:25  Barracks  
  200  9:26  Ghost Academy  
  200  9:27  Barracks  
  200  9:28  Barracks  
  200  9:29  Barracks  
  200  9:31  Barracks  
Show
View Real Time Build Order
Export as new Build Order

A.I. 1 (Very Easy) Zerg 

Build Orders: Pool First 

Get SALT Encoding   

  12  0:01  Drone  
  13  0:12  Overlord  
  13  0:17  Drone  
  14  0:36  Spawning Pool  
  14  0:37  Extractor  
  14  0:40  Drone  
  13  0:47  Drone  
  14  0:53  Overlord  
  14  1:24  Queen, Zergling x2  
  17  1:33  Roach Warren  
  17  1:35  Extractor  
  17  1:39  Drone  
  16  1:42  Zergling x2  
  16  1:46  Drone  
  18  2:00  Zergling x2, Drone  
  20  2:11  Drone  
  21  2:22  Drone  
  22  2:31  Drone  
  22  2:33  Overlord  
  23  2:38  Drone  
  24  2:46  Drone  
  25  3:10  Zergling x2  
  25  5:43  Roach, Drone  
  25  5:44  Lair  
  28  5:50  Drone  
  29  5:57  Drone  
  29  5:59  Overlord  
  30  6:04  Drone  
  24  6:15  Drone  
  24  6:17  Zergling x2, Overlord  
  15  6:28  Drone  
  11  6:36  Overlord, Drone  
  11  6:39  Extractor  
  11  6:42  Queen  
  11  6:43  Drone  
  11  6:44  Overseer  
  11  6:45  Zergling x2  
  15  6:48  Hatchery  
  15  6:50  Drone  
  15  6:57  Drone  
  15  6:59  Overseer  
  16  7:04  Drone  
  17  7:11  Drone  
  17  7:13  Overlord  
  18  7:19  Drone  
  19  7:26  Roach Warren, Drone  
  19  7:34  Queen, Drone  
  20  7:41  Drone  
  21  7:48  Drone  
  22  7:55  Drone  
  23  8:03  Drone  
  24  8:09  Roach  
  24  8:10  Drone  
  23  8:17  Drone  
  24  8:24  Drone  
  24  8:32  Drone  
  25  8:35  Overseer, Overlord  
  25  8:38  Zergling x2  
  25  8:39  Drone  
  24  8:47  Drone  
  24  8:54  Drone  
  23  9:07  Roach  
  23  9:08  Overseer  
  8  9:19  Drone  
Tags
 
Add a new tag
Caveats
  • Supply blocks, unpowered buildings, or Contaminate may cause inaccurate times.
  • Supply counts are checked every 10 seconds.